 Dungeon Sprint DCSS version 0.24.0-13-gcf9b319 (webtiles) character file.

Game seed: 16486512361236976030, levelgen mode: deterministic

1038 2bobheroes the Blocker (level 8, -3/72 HPs)
             Began as a Formicid Fighter on Mar 19, 2020.
             Was a Priest of Okawaru.
             Slain by a soul eater (20 damage)
             ... summoned by a kobold demonologist
             ... in the Dungeon (Sprint I: "Red Sonja").
             The game lasted 00:05:29 (768 turns).

2bobheroes the Blocker (Formicid Fighter)            Turns: 768, Time: 00:05:30

Health: -3/72      AC:  9    Str: 22    XL:     8   Next: 48%
Magic:  9/11       EV: 13    Int:  7    God:    Okawaru [***...]
Gold:   768        SH: 14    Dex: 12    Spells: 7/7 levels left

rFire    . . .     SeeInvis +   a - +0 long sword
rCold    . . .     Gourm    .   c - +0 shield
rNeg     . . .     Faith    .   b - +0 scale mail
rPois    .         Spirit   .   (helmet unavailable)
rElec    .         Reflect  .   (no cloak)
rCorr    .         Harm     .   (no gloves)
MR       .....                  (no boots)
Stlth    +.........             (no amulet)
HPRegen  0.22/turn              (no ring)
MPRegen  0.12/turn              (no ring)

@: heroism, lightly drained
A: permanent stasis, dig shafts and tunnels, four strong arms, antennae 3
a: Dig, Heroism, Renounce Religion


You were in the Dungeon.
You worshipped Okawaru.
Okawaru was most pleased with you.
You were not hungry.

You visited 1 branch You collected 768 gold pieces.

Inventory:

Hand Weapons
 a - a +0 long sword (weapon)
 d - a +1 vampiric scythe
 m - a +0 short sword of distortion
Missiles
 l - 8 curare-tipped darts
 n - 8 poisoned darts (quivered)
 o - 11 arrows
 p - 30 stones
Armour
 b - a +0 scale mail (worn)
 c - a +0 shield (worn)
Scrolls
 k - a scroll of blinking
Potions
 e - 3 potions of curing
 g - a potion of heal wounds
 h - a potion of haste
 i - 2 potions of magic
 j - a potion of berserk rage
Comestibles
 f - a ration


   Skills:
 + Level 10.0(14.5) Fighting
 * Level 10.2(14.8) Long Blades
 - Level 7.0(11.6) Armour
 - Level 0.9(5.5) Dodging
 + Level 10.7(15.3) Shields
 - Level 2.5(7.1) Unarmed Combat
 + Level 5.3(4.9) Invocations


You had 7 spell levels left.
You didn't know any spells.
Your spell library was empty.

Dungeon Overview and Level Annotations

Branches:
Dungeon (1/1)

Altars:
Cheibriados
Dithmenos
Elyvilon
Fedhas
Gozag
Hepliaklqana
Kikubaaqudgha
Makhleb
Nemelex Xobeh
Okawaru
Qazlal
Ru
Sif Muna
Trog
Uskayaw
Vehumet
Wu Jian
Xom
Yredelemnul
Zin
The Shining One
Jiyva
Lugonu

Shops:
D (=


Innate Abilities, Weirdness & Mutations

You cannot be hasted, slowed, berserked, paralysed or teleported.
You can dig through walls and to a lower floor.
Your four strong arms can wield two-handed weapons with a shield.
You have a pair of large antennae on your head. (SInv)


Message History

You hit the kobold demonologist.
The kobold demonologist is almost dead.
The shadow imp laughs crazily.
The soul eater barely misses you.
The kobold demonologist mumbles some strange words.
You barely miss the kobold demonologist.
The kobold demonologist is almost dead.
The kobold demonologist looks braver for a moment.
You block the soul eater's attack.
Press: ? - help, v - describe, . - travel
Here: a kobold demonologist, wielding a +0 dagger of venom and wearing a +0 robe (almost dead)
The floor, spattered with blood.
You closely miss the kobold demonologist.
The kobold demonologist is almost dead.
The orange demon stings you but does no damage.
You block the orange demon's attack.
You miss the kobold demonologist.
The kobold demonologist is almost dead.
The soul eater hits you!!
You die...

#####################
.+..#.['..#__#.4@K53#
.#..)..#..'..'..#35.#
###'#####'#__####5..+{{
##..#...#[#### ####{{
_####..##)# {
____##'#_.+ {
.∩...'..._# {
..__##_.#'# ____###'#.#


You could see a soul eater, an orange demon, a kobold demonologist, a ynoxinul,
a crimson imp, a shadow imp and an ufetubus.

Vanquished Creatures
  A kobold demonologist (D)
  A slime creature (D)
  Sigmund (D)
  A yak (D)
  A floating eye (D)
  A black bear (D)
  An ogre (D)
  A jelly (D)
  Ijyb (D)
9 creatures vanquished.

Vanquished Creatures (others)
  2 ballistomycete spores (D)
2 creatures vanquished.

Grand Total: 11 creatures vanquished

Notes
Turn   | Place    | Note
-------+----------+-------------------------------------------
     0 | D        | 2bobheroes the Formicid Fighter began the quest for the
                  | Orb.
     0 | D        | Reached XP level 1. HP: 18/18 MP: 1/1
     6 | D        | Noticed Ijyb
    25 | D        | Killed Ijyb
    25 | D        | Reached skill level 5 in Shields
    25 | D        | Reached skill level 1 in Unarmed Combat
    25 | D        | Reached XP level 2. HP: 16/26 MP: 2/2
    25 | D        | Reached XP level 3. HP: 19/31 MP: 3/3
   142 | D        | Found a basalt altar of Yredelemnul.
   142 | D        | Found a hide-covered altar of Uskayaw.
   142 | D        | Found a hazy altar of Hepliaklqana.
   142 | D        | Found a shadowy altar of Dithmenos.
   142 | D        | Found an ancient bone altar of Kikubaaqudgha.
   142 | D        | Found a sacrificial altar of Ru.
   142 | D        | Found a snail-covered altar of Cheibriados.
   142 | D        | Found Tyesk's Jewellery Emporium.
   142 | D        | Found an opulent altar of Gozag.
   142 | D        | Found a sparkling altar of Nemelex Xobeh.
   142 | D        | Found a glowing golden altar of the Shining One.
   142 | D        | Found an iron altar of Okawaru.
   142 | D        | Found a bloodstained altar of Trog.
   142 | D        | Found a blossoming altar of Fedhas.
   142 | D        | Found a stormy altar of Qazlal.
   142 | D        | Found a white marble altar of Elyvilon.
   142 | D        | Found a glowing silver altar of Zin.
   142 | D        | Noticed a yak
   145 | D        | Became a worshipper of Warmaster Okawaru
   148 | D        | Killed a yak
   148 | D        | Reached * piety under Okawaru
   148 | D        | Reached XP level 4. HP: 23/41 MP: 4/4
   148 | D        | Reached XP level 5. HP: 27/47 MP: 5/5
   153 | D        | Found a shimmering blue altar of Sif Muna.
   153 | D        | Found a radiant altar of Vehumet.
   153 | D        | Found an ornate altar of the Wu Jian Council.
   157 | D        | Reached XP level 6. HP: 25/55 MP: 3/6
   168 | D        | Noticed Sigmund
   172 | D        | Killed Sigmund
   172 | D        | Reached ** piety under Okawaru
   178 | D        | Noticed an ogre
   183 | D        | Killed an ogre
   183 | D        | Reached XP level 7. HP: 16/63 MP: 7/7
   425 | D        | Noticed Sonja
   429 | D        | Noticed Sonja
   429 | D        | Sonja changed into Sonja the black bear
   441 | D        | Killed Sonja the black bear
   441 | D        | Reached skill level 1 in Invocations
   471 | D        | Found Zoutz's Antique Weapon Boutique.
   580 | D        | Found a burning altar of Makhleb.
   580 | D        | Found a viscous altar of Jiyva.
   580 | D        | Found a shimmering altar of Xom.
   580 | D        | Found a corrupted altar of Lugonu.
   580 | D        | Noticed a slime creature
   592 | D        | Killed a slime creature
   592 | D        | Reached skill level 10 in Shields
   744 | D        | Noticed a kobold demonologist
   744 | D        | Noticed a kobold demonologist
   747 | D        | Reached *** piety under Okawaru
   747 | D        | Reached XP level 8. HP: 72/72 MP: 7/11
   750 | D        | Noticed a soul eater
   753 | D        | Killed a kobold demonologist
   753 | D        | Reached skill level 10 in Fighting
   753 | D        | Reached skill level 10 in Long Blades
   753 | D        | Reached skill level 5 in Invocations
   764 | D        | Noticed a ynoxinul
   766 | D        | Noticed an orange demon
   768 | D        | Slain by a soul eater

Levels and vault maps discovered:
D:        dungeon_sprint_1 [red_sonja_temple_1, red_sonja_temple_small_1]

Skill      XL: |  1  2  3  4  5  6  7  8 |
---------------+-------------------------+-----
Fighting       | 4 6 7 8 9 10 | 10.0
Armour         | 4 7 |  7.0
Shields        | 5 7 9 10 | 10.7
Unarmed Combat | 1 2 |  2.5
Long Blades    | 3 4 7 9 10 | 10.2
Invocations    | 4 5 |  5.3
Dodging        | |  0.9

Action                   |  1- 3 |  4- 6 |  7- 9 || total
-------------------------+-------+-------+-------++-------
Melee: Unarmed           |    17 |       |       ||    17
       Long sword        |     3 |    11 |    43 ||    57
Invok: Heroism           |       |     1 |     3 ||     4
 Abil: Dig               |     1 |       |       ||     1
Evoke: Wand              |       |       |     1 ||     1
  Use: Potion            |     1 |       |       ||     1
Armor: Skin              |     1 |       |       ||     1
       Scale mail        |     1 |       |    10 ||    11
Dodge: Dodged            |     8 |     3 |    10 ||    21
Block: Shield            |     2 |     4 |    23 ||    29
       Rpst.: Long sword |       |     2 |       ||     2
